 Dungeon Crawl Stone Soup version 0.17.0-18-gaab0e96 (webtiles) character file.

186 tp1 the Conjurer (level 5, 0/28 HPs)
             Began as a Deep Elf Conjurer on Nov 11, 2015.
             Slain by Anothat's ghost (5 damage)
             ... on level 4 of the Dungeon.
             The game lasted 00:10:02 (3623 turns).

tp1 the Conjurer (Deep Elf Conjurer)                Turns: 3623, Time: 00:10:02

Health: 0/28       AC:  3    Str:  5    XL:     5   Next: 38%
Magic:  7/15       EV: 13    Int: 21    God:
Gold:   201        SH:  0    Dex: 15    Spells: 3 memorised, 7 levels left

rFire  . . .     SeeInvis .     (no weapon)
rCold  . . .     Clarity  .     a - +0 robe
rNeg   . . .     SustAt   .     (no shield)
rPois  .         Gourm    .     (no helmet)
rElec  .         Spirit   .     (no cloak)
rCorr  .         Warding  .     i - +0 pair of gloves
rMut   .         Stasis   .     (no boots)
MR     .....                    (no amulet)
Stlth  ++........               (no ring)
                                (no ring)

@: not resistant to hostile enchantments, unstealthy
A: no striking features
a: no special abilities


You were on level 4 of the Dungeon.
You were not hungry.

You visited 1 branch of the dungeon, and saw 4 of its levels.

You collected 201 gold pieces.

Inventory:

Armour
 a - a +0 robe (worn)
 i - a +0 pair of gloves (worn)
Wands
 p - a wand of fireball (10)
Scrolls
 f - 2 scrolls of noise {unknown}
 g - a scroll of enchant armour {unknown}
 k - 3 scrolls of fog {unknown}
 l - a scroll of remove curse {unknown}
 m - a scroll of teleportation {unknown}
 n - 2 scrolls of identify {unknown}
 o - a scroll of random uselessness {unknown}
 r - 2 scrolls of amnesia {unknown}
Potions
 e - a potion of agility
 t - a potion of brilliance {unknown}
Books
 b - a book of Conjurations

   Spells                             Type                      Level
   a - Magic Dart                     Conjuration                  1
   b - Searing Ray                    Conjuration                  2
   c - Dazzling Spray                 Conjuration/Hexes            3
   d - Fulminant Prism                Conjuration/Hexes            4
   e - Iskenderun's Mystic Blast      Conjuration                  4
   f - Iskenderun's Battlesphere      Conjuration/Charms           5
Comestibles
 c - a bread ration
 d - 2 meat rations
 h - 3 chunks of flesh
 s - a beef jerky


   Skills:
 - Level 2.4 Dodging
 - Level 2.4 Stealth
 - Level 5.6 Spellcasting
 - Level 6.1 Conjurations
 + Level 0.0 Charms


You had 7 spell levels left.
You knew the following spells:

 Your Spells              Type           Power        Failure   Level  Hunger
a - Magic Dart            Conj           ####         1%          1    None
b - Searing Ray           Conj           ####..       1%          2    None
c - Iskenderun's Battles  Conj/Chrm      ###.....     87%         5    #####..


Dungeon Overview and Level Annotations

Branches:
Dungeon (4/15)
 Temple: D:4-7

Altars:

Annotations:
D:4 Anothat's ghost, novice GrFi


Message History

There is a stone staircase leading up here.
Casting: Magic Dart
Confirm with . or Enter, or press ? or * to list all spells.
Aiming: Searing Ray
Press: ? - help, Shift-Dir - straight line, f - Anothat's ghost
Aim: Anothat's ghost, wielding a weapon of freezing (hasn't noticed you)
The searing ray hits Anothat's ghost.
Anothat's ghost turns its malevolent gaze towards you.
Casting: Searing Ray
Confirm with . or Enter, or press ? or * to list all spells.
Aiming: Searing Ray
Press: ? - help, Shift-Dir - straight line, f/p - Anothat's ghost
Aim: Anothat's ghost, wielding a weapon of freezing The searing ray hits Anothat's ghost.
Anothat's ghost is lightly damaged.
Anothat's ghost hits you. Anothat's ghost freezes you.
The searing ray misses Anothat's ghost.
Anothat's ghost hits you!
* * * LOW HITPOINT WARNING * * *
Anothat's ghost freezes you.
You die...

....... ..
.......#.# ##
.......... ..#
..$......# ..#
.........#...#
.......#.#..### #
................
.........####.###
........W@.......
##.....#....#.#.#
#.....#†####
.......#)##.#
(......#..<.#
.......#.##.#
.......####.# #.#
#.# #


You could see Anothat's ghost.

Vanquished Creatures
  A scorpion (D:4)
  A giant frog skeleton (D:4)
  3 adders
  3 worms
  5 giant geckos
  3 orcs (D:4)
  6 giant cockroaches
  7 goblins
  12 hobgoblins
  9 bats
  2 giant newts
  5 kobolds
  12 rats
69 creatures vanquished.

Notes
Turn   | Place    | Note
--------------------------------------------------------------
     0 | D:1      | tp1 the Deep Elf Conjurer began the quest for the Orb.
     0 | D:1      | Reached XP level 1. HP: 10/10 MP: 6/6
   196 | D:1      | Reached XP level 2. HP: 15/15 MP: 6/8
   286 | D:1      | Reached skill level 5 in Conjurations
   291 | D:1      | Learned a level 2 spell: Searing Ray
  1234 | D:1      | Reached XP level 3. HP: 19/19 MP: 2/9
  2293 | D:2      | Reached skill level 6 in Conjurations
  2547 | D:2      | Reached XP level 4. HP: 24/24 MP: 5/10
  3480 | D:4      | Reached XP level 5. HP: 22/28 MP: 0/14
  3536 | D:4      | Reached skill level 5 in Spellcasting
  3552 | D:4      | Learned a level 5 spell: Iskenderun's Battlesphere
  3619 | D:4      | Noticed Anothat's ghost (novice GrFi)
  3623 | D:4      | Slain by Anothat's ghost

Action                   |  1- 3 |  4- 6 || total
-------------------------+-------+-------++-------
Melee: Unarmed           |     1 |    20 ||    21
 Cast: Magic Dart        |    82 |    35 ||   117
       Searing Ray       |     3 |     7 ||    10
  Use: Potion            |       |     4 ||     4
  Eat: Chunk             |     5 |     3 ||     8
